 Dungeon Crawl Stone Soup version 0.31-a0-1603-gbec6b6ccbf (webtiles) character file.

Game seed: 849206401170906000

5569 wildpjah the Grappler (level 10, -4/141 HPs)
             Began as a Troll Shapeshifter on Jan 8, 2024.
             Was a Believer of Trog.
             Slain by a bullfrog (8 damage)
             ... on level 8 of the Dungeon.
             The game lasted 00:14:00 (6531 turns).

wildpjah the Grappler (Troll Shapeshifter)          Turns: 6531, Time: 00:14:00

Health: -4/141     AC:  9    Str: 28    XL:     10   Next: 44%
Magic:  9/9        EV: 14    Int: 12    God:    Trog [**....]
Gold:   190        SH:  0    Dex:  9    Spells: 9/9 levels left

rFire   . .          .
                       - Unarmed
rCold   . . .        (no shield)
rNeg    . . .        E - +0 swamp dragon scales
rPois   +            (helmet currently unavailable)
rElec   .            (cloak currently unavailable)
rCorr   .            (gloves unavailable)
SInv    .            (boots unavailable)
Will    ++...        (no amulet) Stlth
                     B - +5 ring of evasion
HPRegen 2.23/turn    u - +6 ring of intelligence
MPRegen 0.11/turn

%: no passive effects
@: berserking (expiring), beast-form, strong-willed (expiring), regenerating
(expiring), very quick
A: beast (slay +3), large, unfitting armour, claws 3, regeneration 1, shaggy fur
1, tough skin 1
a: Begin Untransformation, Renounce Religion, Berserk, Trog's Hand


You were on level 8 of the Dungeon.
You worshipped Trog.
Trog was pleased with you.
You were a hulking beast.
You visited 2 branches of the dungeon, and saw 10 of its levels.

You collected 482 gold pieces.
You spent 292 gold pieces at shops.

Inventory:

Armour
 a - a +0 animal skin
 f - a +0 scale mail
 i - a +0 cloak
 x - the +1 robe of the Butterfly {*Slow rElec rF+++ Str-5}
   (You bought it in a shop on level 5 of the Dungeon)

   Str-5:     It affects your strength (-5).
   rF+++:     It renders you almost immune to fire.
   rElec:     It insulates you from electricity.
   *Slow:     It may slow you when you take damage.
 E - +0 swamp dragon scales (worn)
Jewellery
 u - a +6 ring of intelligence (right claw)
 B - a +5 ring of evasion (left claw)
 J - an amulet of regeneration
Talismans
 c - a beast talisman (active)
 d - a flux talisman
 s - a storm talisman
 F - a maw talisman
Wands
 p - a wand of iceblast (10)
 t - a wand of mindburst (7)
 w - a wand of acid (17)
Scrolls
 g - 9 scrolls of identify {unknown}
 j - 6 scrolls of teleportation {unknown}
 k - a scroll of acquirement {unknown}
 m - 2 scrolls of enchant armour {unknown}
 n - a scroll of enchant weapon {unknown}
 r - 2 scrolls of fear {unknown}
 y - a scroll of noise {unknown}
 z - 2 scrolls of blinking {unknown}
 C - 2 scrolls of poison {unknown}
 H - a scroll of fog {unknown}
 I - a scroll of butterflies {unknown}
Potions
 b - a potion of lignification
 e - a potion of might {unknown}
 h - 2 potions of haste {unknown}
 l - a potion of brilliance {unknown}
 o - a potion of attraction {unknown}
 q - a potion of invisibility {unknown}
 v - a potion of cancellation {unknown}
 A - a potion of enlightenment {unknown}
 D - a potion of heal wounds {unknown}
 G - a potion of magic {unknown}


   Skills:
 * Level 4.8 Fighting
 + Level 1.8 Armour
 + Level 3.9 Dodging
 + Level 1.0 Stealth
 * Level 12.5 Unarmed Combat
 + Level 0.5 Evocations
 + Level 5.9 Shapeshifting


You had 9 spell levels left.
You didn't know any spells.
Your spell library contained the following spells:

 Spells                   Type           Power      Damage    Failure   Level
 Mercury Vapours          Alch/Air       0%         N/A       58%         2
 Mephitic Cloud           Conj/Alch/Air  0%         N/A       82%         3
 Freezing Cloud           Conj/Ice/Air   0%         6-21      100%        5


Dungeon Overview and Level Annotations

Branches:
Dungeon (9/15)             Temple (1/1) D:6            Lair (0/5) D:8
    Orc: D:9-12

Altars:
Ashenzari
Cheibriados
Dithmenos
Elyvilon
Fedhas
Kikubaaqudgha
Makhleb
Nemelex Xobeh
Sif Muna
Trog
Vehumet
Wu Jian
Xom
Yredelemnul
The Shining One

Shops:
D:3 :?   D:5 *[::*   D:6 =*[[[   D:7 !   D:8 :

Annotations:
D:3 2 runed translucent doors
D:4 1 runed translucent door, BigPumpCobain's ghost, amateur MfSh
D:8 1 transporter


Innate Abilities, Weirdness & Mutations

You are a hulking beast.
Your limbs bulge with bestial killing power. (Slay +3)
You are too large for most types of armour.
You have claws for hands.
Your natural rate of healing is unusually fast.
You are covered in fur. (AC +1)
You have tough skin. (AC +1)


Message History

The ice beast freezes you!
* * * LOW HITPOINT WARNING * * *
You closely miss the ice beast. Your claw misses the ice beast.
The ice beast is moderately wounded.
The water moccasin bites you but does no damage.
The bullfrog hits you but does no damage.
Unknown command.
You mangle the ice beast!!
The ice beast is severely wounded.
The water moccasin bites you.
* * * LOW HITPOINT WARNING * * *
The bullfrog closely misses you. The ice beast barely misses you.
Unknown command.
You mangle the ice beast!!
You kill the ice beast!
Trog accepts your kill.
The water moccasin bites you but does no damage.
The bullfrog barely misses you.
Unknown command.
You mangle the water moccasin!!
The water moccasin is heavily wounded.
The water moccasin barely misses you. The bullfrog closely misses you.
Unknown command.
You claw the water moccasin!
The water moccasin is almost dead.
You feel the effects of Trog's Hand fading.
The bullfrog hits you!
* * * LOW HITPOINT WARNING * * *
The water moccasin misses you.
Unknown command.
You miss the water moccasin.
The water moccasin is almost dead.
The bullfrog closely misses you. The water moccasin barely misses you.
The bullfrog misses you.
Unknown command.
You claw the water moccasin!
You kill the water moccasin!
Trog accepts your kill. The bullfrog hits you!
You die...

#.####.......### #.##...#####...#
#.#..###.F.###.#
#######.#.##.......#.#
##.......#.#..#.#...#.##
.#.##.##.#.#..#.#...#..#
.#.##.##.#.##.....#.##.#
.#.##.......#?.#...#.#.#
.#.####....©#/YFh# #.#
.........#..#$#†....##.##
#######..#.##.#...#.#©..##
........##.# .#.##..##...#
#.###.#.##.# .. #..y#.#.#
#.....#.##(##..#....##.#.#
#.._..#.##..#......##..#.#
#.....#.....##.#####..##.######
#.###.#..##..###.....##.......###


You could see an ice beast and a bullfrog (berserk).

Vanquished Creatures
  The ghost of Atlas the Grappler, a novice TrSh of Gozag (D:8)
  A moth of wrath (D:8)
  Maggie (D:7)
  2 hornets (D:8)
  Sigmund (D:6)
  8 yaks
  A wyvern (D:6)
  A water moccasin (D:8)
  An ice beast (D:8)
  2 orc warriors (D:8)
  A black bear (D:4)
  An ogre (D:7)
  2 wolves (D:8)
  2 phantoms
  A kobold brigand (D:8)
  Blork the orc (D:6)
  A scorpion (D:4)
  4 bullfrogs
  5 wights (D:7)
  9 killer bees
  A bombardier beetle (D:3)
  3 howler monkeys
  2 hounds
  2 jellies
  A gnoll bouda (D:6)
  An orc priest (D:8)
  Jessica (D:2)
  An iguana (D:6)
  An orc wizard (D:7)
  7 gnolls
  A river rat (D:3)
  7 adders
  A shadow imp (D:6)
  2 ufetubi (D:6)
  2 dart slugs
  4 ribbon worms
  29 orcs
  4 ball pythons
  7 endoplasms
  5 giant cockroaches
  2 goblins
  11 hobgoblins
  4 jackals (D:2)
  3 quokkas
  3 bats
  3 frilled lizards
  10 kobolds
  5 rats
169 creatures vanquished.

Notes
Turn   | Place    | Note
-------+----------+-------------------------------------------
     0 | D:1      | wildpjah the Troll Shapeshifter began the quest for the
                  | Orb.
     0 | D:1      | Reached XP level 1. HP: 18/18 MP: 0/0
   117 | D:1      | Found a faded altar of an unknown god.
   164 | D:1      | Reached XP level 2. HP: 26/26 MP: 1/1
  1054 | D:2      | Reached XP level 3. HP: 32/32 MP: 2/2
  1188 | D:2      | Noticed Jessica
  1193 | D:2      | Killed Jessica
  1194 | D:2      | Reached skill level 4 in Unarmed Combat
  1208 | D:2      | Reached XP level 4. HP: 40/40 MP: 3/3
  1367 | D:2      | Reached skill level 1 in Fighting
  1616 | D:3      | Found Rorhirer's Book Emporium.
  1641 | D:3      | Reached XP level 5. HP: 40/48 MP: 4/4
  1738 | D:3      | Reached skill level 5 in Unarmed Combat
  1901 | D:3      | Found a large runed translucent door.
  1901 | D:3      | Found a large runed translucent door.
  1911 | D:3      | Found a shimmering altar of Xom.
  1962 | D:3      | Found a bloodstained altar of Trog.
  2164 | D:3      | Found Jufu's Magic Scroll Boutique.
  2505 | D:3      | Found a sparkling altar of Nemelex Xobeh.
  2782 | D:4      | Found a blossoming altar of Fedhas.
  2865 | D:3      | Became a worshipper of Trog the Wrathful
  2958 | D:4      | Reached XP level 6. HP: 44/55 MP: 5/5
  3243 | D:4      | Reached skill level 6 in Unarmed Combat
  3303 | D:4      | Found a runed translucent door.
  3369 | D:4      | Found an ancient bone altar of Kikubaaqudgha.
  3415 | D:4      | Noticed BigPumpCobain's ghost (amateur MfSh)
  3471 | D:5      | Entered Level 5 of the Dungeon
  3659 | D:5      | Found Ysiggeom's Assorted Antiques.
  3661 | D:5      | Found Piediph's Book Shoppe.
  3661 | D:5      | Found Lucypp's Antique Armour Emporium.
  3661 | D:5      | Found Gaplong's Assorted Antiques.
  3661 | D:5      | Found Toehun's Book Boutique.
  3667 | D:5      | Bought an ichor-stained robe for 182 gold pieces
  3667 | D:5      | Identified the +1 robe of the Butterfly {*Slow rElec rF+++
                  | Str-5} (You bought it in a shop on level 5 of the Dungeon)
  3716 | D:5      | Reached XP level 7. HP: 51/63 MP: 6/6
  3738 | D:5      | Reached * piety under Trog
  3759 | D:5      | You fall into a shaft and drop 1 floor!
  3767 | D:6      | Found a staircase to the Ecumenical Temple.
  3769 | D:6      | Noticed Sigmund
  3780 | D:6      | Found Xuschant's Antique Armour Emporium.
  3846 | D:6      | Noticed Blork the orc
  3853 | D:6      | Killed Blork the orc
  3854 | D:6      | Reached skill level 7 in Unarmed Combat
  3854 | D:6      | Found Fuelep's Armour Emporium.
  4012 | D:6      | Found Vekhis's Jewellery Emporium.
  4188 | D:6      | Killed Sigmund
  4189 | D:6      | Reached skill level 8 in Unarmed Combat
  4189 | D:6      | Reached XP level 8. HP: 43/74 MP: 7/7
  4489 | D:6      | Found Potood's Antique Armour Shoppe.
  4499 | D:6      | Found Etsaedd's Assorted Antiques.
  4510 | D:6      | Bought a marble ring for 110 gold pieces
  4786 | Temple   | Entered the Ecumenical Temple
  4877 | D:7      | Reached ** piety under Trog
  4878 | D:7      | Reached skill level 9 in Unarmed Combat
  4941 | D:7      | Noticed Maggie
  4962 | D:7      | Reached skill level 5 in Shapeshifting
  5056 | D:6      | Reached XP level 9. HP: 10/81 MP: 8/8
  5119 | D:6      | Reached skill level 10 in Unarmed Combat
  5132 | D:7      | Killed Maggie
  5434 | D:7      | Found Awigamm's Distillery.
  5744 | D:8      | Found an ornate altar of the Wu Jian Council.
  5745 | D:8      | Found a transporter.
  5763 | D:8      | Noticed Atlas's ghost (novice TrSh)
  5764 | D:8      | Noticed a moth of wrath
  5796 | D:8      | Found a basalt altar of Yredelemnul.
  5875 | D:8      | Reached skill level 11 in Unarmed Combat
  5894 | D:8      | Found a transporter.
  5988 | D:8      | Reached skill level 1 in Stealth
  6041 | D:8      | Reached XP level 10. HP: 63/93 MP: 9/9
  6137 | D:8      | Found a staircase to the Lair.
  6177 | D:8      | Reached skill level 12 in Unarmed Combat
  6338 | D:8      | Found Hosuasm's Book Boutique.
  6370 | D:8      | Found a white marble altar of Elyvilon.
  6517 | D:8      | Killed a moth of wrath
  6518 | D:8      | Reached skill level 1 in Armour
  6523 | D:8      | Killed Atlas's ghost
  6524 | D:8      | HP: 6/141 [ice beast (8)]
  6529 | D:8      | HP: 1/141 [bullfrog (10)]
  6531 | D:8      | Slain by a bullfrog

Illustrated notes

Levels and vault maps discovered:
D:1:      erik_arrival_cave_to_civilisation [erik_arrival_cave_to_hall],
          layout_loops_ring, ebering_ecumenical_altar_mist, minivault_4
D:2:      layout_basic, minmay_3d_cube, uniq_jessica
D:3:      due_chaos_kobolds, layout_basic, lightli_temple_of_fire,
          nemelex_dance_club_becter, portal_sewer_entry_b, serial_shops,
          nicolae_shop_behind_doors, nicolae_shop_rolled_up, grunt_ministairs_9
D:4:      layout_gridville, fedhas_ov_isle_minmay, kennysheep_mini,
          ebering_ghost_reflecting_pool, minmay_misc_feat_tiny
D:5:      layout_basic, nicolae_wooded_promenade, dk_noncrumbling_4, st_stairs_7
D:6:      layout_cave_pods, minmay_temple_entry_statues_fountains, serial_shops,
          shop, shop, nicolae_shop_crystal, nicolae_shop_overgrown_old_shop,
          nicolae_inconvenience_store, kennysheep_generic_room_5,
          uniq_blork_the_orc, uniq_sigmund
D:7:      minmay_evil_eye, layout_loops_ring, serial_shops, shop, uniq_maggie
D:8:      layout_loops_cross, mainiacjoe_overflow_cross_hatched,
          amcnicky_altar_gilded, kennysheep_mini_moat,
          erik_lair_orcish_takeover, gammafunk_ghost_berserking_beasts,
          serial_shops, shop
D:9:      layout_roguey [special_room_bee], zin_academy,
          nicolae_overflow_hallway_of_the_gods
Temple:   hellmonk_temple_two_chambers

Skill      XL: |  1  2  3  4  5  6  7  8  9 10 |
---------------+-------------------------------+-----
Unarmed Combat | 4 5 6 8 9 11 12 | 12.5
Fighting       | 1 2 3 4 |  4.8
Dodging        | 2 3 |  3.9
Shapeshifting  | 4 5 |  5.9
Stealth        | 1 |  1.0
Armour         | 1 |  1.8
Evocations     | |  0.5

Action                     |  1- 3 |  4- 6 |  7- 9 | 10-12 || total
---------------------------+-------+-------+-------+-------++-------
  Melee: Unarmed           |    60 |   157 |   163 |    64 ||   444
         Punch             |     2 |     5 |     4 |     3 ||    14
 Invoke: Berserk           |       |       |     1 |     1 ||     2
         Trog's Hand       |       |       |       |     1 ||     1
  Evoke: Wand              |       |     2 |     3 |     1 ||     6
    Use: Potion            |       |     1 |       |       ||     1
   Stab: Sleeping          |     1 |       |       |       ||     1
 Armour: Animal skin       |    26 |    92 |    90 |       ||   208
         Skin              |       |     5 |       |       ||     5
         Swamp dragon scal |       |       |    16 |    53 ||    69
  Dodge: Dodged            |    21 |    54 |   100 |    67 ||   242
   Form: Beast             |       |       |     1 |       ||     1
         Flux              |       |       |     1 |       ||     1

Table legend: (Time is in decaauts)
 A = Elapsed time spent in this place.
 B = Non-inter-level travel time spent in this place.
 C = Inter-level travel time spent in this place.
 D = Time resting spent in this place.
 E = Time spent auto-exploring this place.
 F = Levels seen in this place.
 G = Mean time per level.
                   A        B        C        D        E       F      G
               +--------+--------+--------+--------+--------+-----+--------+
         Total |   6475 |   6136 |    339 |    152 |   4963 |  10 |  647.5 |
       Dungeon |   6473 |   6134 |    339 |    152 |   4963 |   9 |  719.2 |
        Temple |      1 |      1 |      0 |      0 |      0 |   1 |    1.0 |
               +--------+--------+--------+--------+--------+-----+--------+

Top non-repeatable levels by time:
     D:3: 1369 daAuts
     D:6: 1193 daAuts
     D:1: 874 daAuts
     D:7: 780 daAuts
     D:8: 757 daAuts
     D:4: 620 daAuts
     D:2: 590 daAuts
     D:5: 284 daAuts
     D:9: 2 daAuts
  Temple: 1 daAuts
